 Dungeon Crawl Stone Soup version 0.30-a0-743-gbfdf073431 (webtiles) character file.

Game seed: 5971015221664435424

45 browni3141 the Trooper (level 3, -1/29 HPs)
             Began as a Mummy Cinder Acolyte on Feb 7, 2023.
             Was a High Priest of Ignis.
             Slain by a gnoll
             ... wielding a +0 spear
              (5 damage)
             ... on level 3 of the Dungeon.
             The game lasted 00:05:09 (1545 turns).

browni3141 the Trooper (Mummy Cinder Acolyte)       Turns: 1545, Time: 00:05:10

Health: -1/29      AC:  6    Str: 19    XL:     3   Next: 42%
Magic:  5/5        EV: 10    Int: 13    God:    Ignis [*****.]
Gold:   94         SH:  0    Dex:  7    Spells: 2/4 levels left

rFire   . . .      SeeInvis .    b - +0 sling
rCold   + . .      Faith    +    (no shield)
rNeg    + + +      Spirit   .    l - +0 ring mail
rPois   ∞          Reflect  .    (no helmet)
rElec   .          Harm     .    r - +0 cloak
rCorr   .          Rampage  .    (no gloves)
Will    +....                    (no boots)
Stlth   +                        (no amulet)
HPRegen 0.24/turn                o - ring of willpower
MPRegen 0.09/turn                (no ring)

@: no status effects
A: cold resistance 1, negative energy resistance 3, torment resistance 2, heat
vulnerability 1, in touch with death 1, no potions, faith
a: Renounce Religion, Fiery Armour, Foxfire Swarm, Rising Flame


You were on level 3 of the Dungeon.
You worshipped Ignis.
Ignis was extremely pleased with you.
You visited 1 branch of the dungeon, and saw 3 of its levels.

You collected 94 gold pieces.

Inventory:

Hand Weapons
 a - a +2 dagger of venom
 b - a +0 sling (weapon)
 h - a -1 hand axe of flaming
 i - a +0 club
 q - a +0 short sword
Missiles
 f - 56 stones
Armour
 l - a +0 ring mail (worn)
 m - a +0 robe
 r - a +0 cloak (worn)
Jewellery
 o - a ring of willpower (left hand)
Scrolls
 c - a scroll of fear {unknown}
 d - 2 scrolls of identify {unknown}
 e - 4 scrolls of blinking {unknown}
 g - 3 scrolls of fog {unknown}
 j - a scroll of immolation {unknown}
 k - a scroll of teleportation {unknown}
 n - a scroll of enchant weapon {unknown}
 p - a scroll of enchant armour {unknown}


   Skills:
 - Level 3.0 Fighting
 - Level 2.4 Axes
 * Level 2.3 Throwing
 - Level 1.0 Stealth
 - Level 1.3 Spellcasting
 - Level 2.4 Fire Magic


You had 2 spell levels left.
You knew the following spells:

 Your Spells              Type           Power      Damage    Failure   Level
a - Scorch                Fire           14%        2d6       26%         2

Your spell library contained the following spells:

 Spells                   Type           Power      Damage    Failure   Level


Dungeon Overview and Level Annotations

Branches:
Dungeon (3/15)

Altars:


Innate Abilities, Weirdness & Mutations

You are immune to poison.
Your flesh is cold resistant. (rC+)
You are immune to negative energy. (rN+++)
You are immune to unholy pain and torment.
You are vulnerable to heat. (rF-)
You are in touch with the powers of death.
You do not drink.
You have a special connection with the divine. (Faith)


Message History

You shoot a sling bullet.
The sling bullet barely misses the gnoll.
The sling bullet hits the gnoll.
The gnoll is severely wounded.
The gnoll misses you.
You shoot a sling bullet.
The sling bullet completely misses the gnoll.
The sling bullet hits the gnoll but does no damage.
The gnoll is severely wounded.
The gnoll hits you from afar with a +0 spear. x2
You shoot a sling bullet.
The sling bullet hits the gnoll but does no damage.
The gnoll closely misses you.
You shoot a sling bullet.
The sling bullet hits the gnoll but does no damage.
You hear a shout!
The gnoll hits you from afar with a +0 spear.
The gnoll hits you but does no damage.
You shoot a sling bullet.
The sling bullet barely misses the gnoll. x2
The sling bullet hits the gnoll.
The gnoll is moderately wounded.
The gnoll hits you but does no damage.
An orc comes into view. It is wielding a +0 club.
You shoot a sling bullet. The sling bullet hits the gnoll.
The gnoll is heavily wounded.
The gnoll hits you from afar with a +0 spear. x2
A gnoll comes into view. It is wielding a +0 club.
Found 10 gold pieces.
The gnoll shouts!
You hear a shout!
The gnoll hits you from afar with a +0 spear!
A ball python comes into view.
The ball python hisses angrily.
The orc shouts!
The gnoll hits you with a +0 spear.
* * * LOW HITPOINT WARNING * * *
The gnoll hits you from afar with a +0 halberd.
* * * LOW HITPOINT WARNING * * *
The gnoll hits you from afar with a +0 spear.
You die...

#.. ##.##g#... #o##
##.#.##.# #..##
##.##..#.#
#.#.###o####.#.#
##g##.#.#####.#.#
##.g.g...........#
.######.#g#..#######.##.
......S..$##.## #...##.
#######@#.#...####.####.
##................
##.#...##...###..
#.##.###........
#.##......##.#..
.######.####..# .# #.#
##.# #.# #.. #.# ###


You could see 3 gnolls and a ball python.

Vanquished Creatures
  A gnoll (D:1)
  An adder (D:3)
  2 orcs
  5 ball pythons
  An endoplasm (D:2)
  A hobgoblin (D:2)
  4 kobolds
  A quokka (D:1)
  3 bats
  A goblin (D:3)
  5 rats
25 creatures vanquished.

Notes
Turn   | Place    | Note
-------+----------+-------------------------------------------
     0 | D:1      | browni3141 the Mummy Cinder Acolyte began the quest for the
                  | Orb.
     0 | D:1      | Reached XP level 1. HP: 18/18 MP: 2/2
   190 | D:1      | Reached skill level 1 in Stealth
   271 | D:1      | Reached XP level 2. HP: 21/24 MP: 4/4
   282 | D:1      | Reached skill level 1 in Throwing
  1002 | D:2      | Learned a level 2 spell: Scorch
  1228 | D:2      | Gained mutation: You are in touch with the powers of death.
                  | [Mummy growth]
  1228 | D:2      | Reached XP level 3. HP: 27/29 MP: 5/5
  1545 | D:3      | Slain by a gnoll

Illustrated notes

Levels and vault maps discovered:
D:1:      onia_arrival_pentagram, layout_basic
D:2:      layout_rooms
D:3:      layout_loops_ring, shapermc_ecumenical_altar_acropolis,
          minmay_lizard_king

Skill      XL: |  1  2  3 |
---------------+----------+-----
Stealth        | 1 |  1.0
Throwing       | 1 2 |  2.3
Fighting       | |  3.0
Axes           | |  2.4
Spellcasting   | |  1.3
Fire Magic     | |  2.4

Action                     || total
---------------------------++-------
  Melee: Hand axe          ||    24
         Short sword       ||    42
         Dagger            ||    10
   Fire: Sling             ||    45
  Throw: Stone             ||    11
 Invoke: Fiery Armour      ||     1
 Armour: Robe              ||    11
         Ring mail         ||    37
  Dodge: Dodged            ||    67

Table legend: (Time is in decaauts)
 A = Elapsed time spent in this place.
 B = Non-inter-level travel time spent in this place.
 C = Inter-level travel time spent in this place.
 D = Time resting spent in this place.
 E = Time spent auto-exploring this place.
 F = Levels seen in this place.
 G = Mean time per level.
                   A        B        C        D        E       F      G
               +--------+--------+--------+--------+--------+-----+--------+
         Total |   1563 |   1426 |    137 |      0 |   1070 |   3 |  521.0 |
       Dungeon |   1563 |   1426 |    137 |      0 |   1070 |   3 |  521.0 |
               +--------+--------+--------+--------+--------+-----+--------+

Top non-repeatable levels by time:
     D:1: 980 daAuts
     D:2: 402 daAuts
     D:3: 181 daAuts
